 Dungeon Crawl Stone Soup version 0.16-a0-129-gbf5829b (webtiles) character file.

802 Ololoev the Basher (level 7, -7/66 HPs)
             Began as an Ogre Hunter on Aug 13, 2014.
             Was an Initiate of Okawaru.
             Splashed by an oklob plant's acid (18 damage)
             ... created by the enmity of Fedhas Madash
             ... on Level 5 of the Dungeon.
             The game lasted 00:16:38 (5803 turns).

Ololoev the Basher (Ogre Hunter)                    Turns: 5803, Time: 00:16:38

HP  -7/66        AC  3     Str 20      XL: 7   Next: 91%
MP   9/9         EV 10     Int 10      God: Okawaru [......]
Gold 228         SH  0     Dex 10      Spells:  0 memorised,  6 levels left

rFire  . . .     SeeInvis .     m - +0 flail
rCold  . . .     Clarity  .     d - +0 animal skin (curse)
rNeg   . . .     rCorr    .     (shield restricted)
rPois  .         rRot     .     (helmet restricted)
rElec  .         Spirit   .     (no cloak)
SustAb .         Warding  .     (gloves unavailable)
rMut   .         Stasis   .     (boots unavailable)
Gourm  .                        (no amulet)
MR     .....                    (no ring)
                                w - ring of regeneration

@: confused, not resistant to hostile enchantments, very unstealthy
A: unfitting armour, tough skin 1
a: Renounce Religion


You were on level 5 of the Dungeon.
You worshipped Okawaru.
Okawaru was noncommittal.
You were hungry.

You visited 1 branch of the dungeon, and saw 5 of its levels.

You collected 228 gold pieces.

Inventory:

Hand weapons
 m - a +0 flail (weapon)
Missiles
 b - 4 large rocks (quivered)
 c - a throwing net
Armour
 d - a cursed +0 animal skin (worn)
 x - a +2 shield
Magical devices
 t - a wand of teleportation (5) {unknown}
Comestibles
 f - 2 meat rations
 k - 2 bread rations
 n - 2 beef jerkies
Scrolls
 h - a scroll of amnesia
 o - a scroll of fear {unknown}
 q - a scroll of identify {unknown}
 r - a scroll of noise {unknown}
 u - a scroll of remove curse
 v - a scroll of magic mapping {unknown}
Jewellery
 w - a ring of regeneration (left hand)
Potions
 a - a potion of brilliance {unknown}
 e - a potion of restore abilities {unknown}
 g - a potion of heal wounds {unknown}
 i - 2 potions of agility
 j - a potion of cancellation {unknown}
 l - a potion of magic {unknown}
 p - a potion of berserk rage {unknown}
 s - a potion of curing {unknown}


   Skills:
 - Level 2.6 Fighting
 * Level 8.9 Maces & Flails
 + Level 6.7 Throwing
 - Level 1.7 Dodging
 - Level 0.7 Stealth
 + Level 2.4 Invocations


You had 6 spell levels left.
You didn't know any spells.

Dungeon Overview and Level Annotations

Branches:
Dungeon (5/15)
 Temple: D:4-7

Altars:
Fedhas
Okawaru
The Shining One

Annotations:
D:5 exclusion: oklob plant


Innate Abilities, Weirdness & Mutations

You are too large for most types of armour.
You have tough skin (AC +1).


Message History

You hit the wandering mushroom.
The wandering mushroom is lightly damaged.
The orc zombie hits you but does no damage.
You sock the oklob plant!
The oklob plant is lightly damaged.
The orc zombie hits you.
The wandering mushroom releases spores at you!
You are engulfed in a cloud of spores!
The wandering mushroom releases spores at you!
You are engulfed in a cloud of spores!
You hit the oklob plant but do no damage.
The oklob plant is lightly damaged.
The orc zombie hits you.
The wandering mushroom releases spores at you!
* * * LOW HITPOINT WARNING * * *
You are engulfed in a cloud of spores!
You are confused.
The oklob plant spits acid at you. The splash of acid hits you!
The acid burns!
You die...

.......#####.# ##..##
.......### #.#####.......
..........###..:.......##.
..##.......##.......####.
###............### ##
#.###......#.#
#..#####......# ##fZ##
...##.... ##@f# ...# ##.
##P......# ...(##.# #..)#
.. ..$# #. #.## .. ##


You could see an oklob plant, 2 wandering mushrooms and an orc zombie.

Vanquished Creatures
  2 wandering mushrooms (D:4)
  Menkaure (D:5)
  A phantom (D:3)
  A sky beast (D:5)
  A giant frog (D:3)
  A scorpion (D:5)
  An orc wizard (D:3)
  6 worker ants
  5 adders
  6 gnolls
  A giant mite (D:3)
  4 worms
  2 giant geckos
  13 orcs
  8 bats
  A bat skeleton (D:4)
  5 giant cockroaches
  16 goblins
  10 hobgoblins
  2 jackals (D:5)
  4 quokkas
  4 giant newts
  10 kobolds
  A kobold skeleton (D:4)
  13 rats
119 creatures vanquished.

Vanquished Creatures (others)
  21 toadstools
21 creatures vanquished.

Grand Total: 140 creatures vanquished

Notes
Turn   | Place    | Note
--------------------------------------------------------------
     0 | D:1      | Ololoev, the Ogre Hunter, began the quest for the Orb.
     0 | D:1      | Reached XP level 1. HP: 22/22 MP: 1/1
   485 | D:1      | Reached XP level 2. HP: 29/29 MP: 2/2
  1502 | D:2      | Reached XP level 3. HP: 36/36 MP: 3/3
  1865 | D:2      | Reached XP level 4. HP: 35/44 MP: 4/4
  2241 | D:2      | Reached skill level 5 in Throwing
  3227 | D:3      | Reached skill level 5 in Maces & Flails
  3284 | D:3      | Reached XP level 5. HP: 40/50 MP: 5/5
  3294 | D:3      | Learned a level 3 spell: Tukima's Dance
  3783 | D:3      | Found a blossoming altar of Fedhas.
  3792 | D:3      | Noticed a giant frog
  3802 | D:3      | Killed a giant frog
  3802 | D:3      | Reached skill level 6 in Maces & Flails
  3802 | D:3      | Reached XP level 6. HP: 35/59 MP: 6/6
  3804 | D:3      | Became a worshipper of Fedhas Madash
  3955 | D:3      | Noticed a phantom
  4082 | D:3      | Killed a phantom
  4082 | D:3      | Reached skill level 7 in Maces & Flails
  4605 | D:4      | Acquired Fedhas' first power
  4651 | D:4      | Reached XP level 7. HP: 66/66 MP: 7/7
  4747 | D:4      | Found a glowing golden altar of the Shining One.
  4940 | D:4      | Found an iron altar of Okawaru.
  4957 | D:4      | Fell from the grace of Fedhas
  4957 | D:4      | Became a worshipper of Warmaster Okawaru
  5329 | D:4      | Reached skill level 1 in Invocations
  5393 | D:5      | Entered Level 5 of the Dungeon
  5413 | D:5      | Noticed Menkaure
  5416 | D:5      | Killed Menkaure
  5416 | D:5      | Reached skill level 8 in Maces & Flails
  5801 | D:5      | Noticed a wandering mushroom
  5801 | D:5      | Noticed a wandering mushroom
  5801 | D:5      | Noticed an oklob plant
  5803 | D:5      | Splashed by an oklob plant's acid

Action                   |  1- 3 |  4- 6 |  7- 9 || total
-------------------------+-------+-------+-------++-------
Melee: Club              |    86 |    73 |       ||   159
       Mace              |       |    65 |       ||    65
       Flail             |       |    66 |    99 ||   165
Throw: Large rock        |     5 |    24 |    15 ||    44
       Throwing net      |     2 |     2 |     2 ||     6
Invok: Evolution         |       |       |     2 ||     2
  Use: Scroll            |       |     3 |       ||     3
 Stab: Sleeping          |     1 |       |       ||     1
  Eat: Chunk             |     2 |    10 |     3 ||    15
